 Dungeon Crawl Stone Soup version 0.31-a0-1547-g618ab1f346 (webtiles) character file.

Game seed: 4593775209742873564

946 Flugslaktarn the Toxicologist (level 8, 0/72 HPs)
             Began as an Octopode Alchemist on Jan 3, 2024.
             Was a Follower of Kikubaaqudgha.
             Succumbed to poison
             ... on level 6 of the Dungeon.
             The game lasted 00:06:58 (2406 turns).

Flugslaktarn the Toxicologist (Octopode Alchemist)  Turns: 2406, Time: 00:06:58

Health: 0/72       AC:  1    Str:  7    XL:     8   Next: 13%
Magic:  7/15       EV: 13    Int: 19    God:    Kikubaaqudgha [*.....]
Gold:   224        SH:  0    Dex: 13    Spells: 4/17 levels left

rFire   . . .        o - +1 dagger (drain)
rCold   . . .        (no shield)
rNeg    . . .        (helmet restricted)
rPois   .            (no amulet)
rElec   .            (no ring)
rCorr   .            (no ring)
SInv    .            (no ring)
Will    .....        (no ring) Stlth
                     (no ring)
HPRegen 0.32/turn    (no ring)
MPRegen 0.14/turn    (no ring)
                     (no ring)

%: no passive effects
@: berserking, lethally poisoned (0 -> -5), very slightly contaminated, very
quick
A: almost no armour, amphibious, 8 rings, camouflage 1, gelatinous body 1,
(nimble swimmer 1), tentacles
a: Renounce Religion, Unearth Wretches


You were on level 6 of the Dungeon.
You worshipped Kikubaaqudgha.
Kikubaaqudgha was aware of your devotion.
You visited 2 branches of the dungeon, and saw 7 of its levels.

You collected 224 gold pieces.

Inventory:

Hand Weapons
 b - a +0 dagger
   (You found it on level 1 of the Dungeon)
 o - a +1 dagger of draining (weapon)
   (You took it off a kobold on level 4 of the Dungeon)
Talismans
 f - a serpent talisman
   (You found it on level 5 of the Dungeon)
Wands
 k - a wand of mindburst (22)
   (You found it on level 6 of the Dungeon)
 m - a wand of iceblast (4)
   (You found it on level 3 of the Dungeon)
Scrolls
 e - a scroll of immolation
 i - a scroll of vulnerability
 l - a scroll of amnesia
 n - a scroll of fear {unknown}
 p - a scroll of revelation {unknown}
 t - a scroll of teleportation
Potions
 a - a potion of magic
 c - a potion of berserk rage
 d - a potion of might
 g - a potion of cancellation
 j - a potion of haste {unknown}
 q - 2 potions of curing


   Skills:
 + Level 1.3 Fighting
 - Level 2.0 Dodging
 - Level 2.6 Stealth
 + Level 5.0 Spellcasting
 - Level 1.0 Conjurations
 + Level 1.4 Fire Magic
 - Level 8.2 Alchemy
 + Level 1.5 Evocations


You had 4 spell levels left.
You knew the following spells:

 Your Spells              Type           Power      Damage    Failure   Level
a - Sting                 Conj/Alch      88%        1d8       1%          1
b - Olgreb's Toxic Radia  Alch           35%        N/A       4%          4
c - Sticky Flame          Fire/Alch      23%        2d6       17%         4
d - Animate Dead          Necr           4%         N/A       77%         4

Your spell library contained the following spells:

 Spells                   Type           Power      Damage    Failure   Level
 Mercury Vapours          Alch/Air       40%        N/A       3%          2
 Kiss of Death            Conj/Necr      24%        2d7       10%         1
 Mephitic Cloud           Conj/Alch/Air  16%        N/A       11%         3
 Necrotise                Necr           16%        1d4       12%         1
 Stone Arrow              Conj/Erth      12%        3d7       30%         3
 Vampiric Draining        Necr           4%         2d6       36%         3
 Vhi's Electric Charge    Tloc/Air       8%         N/A       77%         4
 Arcjolt                  Conj/Air       3%         1d13      95%         5
 Lehudib's Crystal Spear  Conj/Erth      3%         10d2      100%        8
 Maxwell's Capacitive Co  Air            2%         ∞         100%        8
 Animate Armour           Summ/Erth      Unusable   N/A       N/A         4

Dungeon Overview and Level Annotations

Branches:
Dungeon (6/15)             Temple (1/1) D:5

Altars:
Cheibriados
Dithmenos
Elyvilon
Fedhas
Gozag
Hepliaklqana
Kikubaaqudgha
Makhleb
Nemelex Xobeh
Okawaru
Qazlal
Ru
Sif Muna
Trog
Uskayaw
Wu Jian
Xom
Zin
The Shining One

Shops:
D:4 =

Annotations:
D:4 Pikel
D:5 exclusion: wight
D:6 3 runed translucent doors, t4s4d4r's ghost, novice AtFi
Temple 2 transporters


Innate Abilities, Weirdness & Mutations

You cannot wear most types of armour.
You are amphibious.
You can wear up to eight rings at the same time.
Your skin changes colour to match your surroundings (Stealth+).
Your rubbery body absorbs attacks. (AC +1, EV +1)
((You are camouflaged when in or above water. (Stealth+)))
You have tentacles for arms and can constrict up to eight enemies at once.


Message History

The iguana is moderately wounded.
The iguana barely misses you.
Casting: Sting (safe; 1% risk of failure)
Confirm with . or Enter, or press ? or * to list all spells.
Aiming: Sting (safe; 1% risk of failure)
Press: ? - help, Shift-Dir - straight line, f/p - iguana
Aim: an iguana (heavily wounded, very poisoned, 79% to hit)
The sting hits the iguana but does no damage.
The iguana looks even sicker.
The iguana is heavily wounded.
The iguana completely misses you.
Casting: Sting (safe; 1% risk of failure)
Confirm with . or Enter, or press ? or * to list all spells.
Aiming: Sting (safe; 1% risk of failure)
Press: ? - help, Shift-Dir - straight line, f/p - iguana
Aim: an iguana (severely wounded, very poisoned, 79% to hit)
The sting misses the iguana.
The iguana misses you.
You completely miss the iguana. Your grab misses the iguana.
The iguana is severely wounded.
The iguana barely misses you.
You barely miss the iguana. Your grab misses the iguana.
The iguana is severely wounded.
The iguana closely misses you.
You completely miss the iguana. You grab the iguana.
You squeeze the iguana, but do no damage.
The iguana is severely wounded.
You constrict the iguana. The iguana closely misses you.
You hit the iguana but do no damage.
The iguana is severely wounded.
You constrict the iguana, but do no damage.
The iguana barely misses you.
You hit the iguana.
You kill the iguana!
Kikubaaqudgha accepts your kill.
You see here an iguana corpse.
Found 12 gold pieces.
Menkaure and an iguana come into view.
A white imp comes into view.
Menkaure shouts!
The iguana hisses menacingly.
Casting: Sting (safe; 1% risk of failure)
Confirm with . or Enter, or press ? or * to list all spells.
You can't see any susceptible monsters within range! (Use Z to cast anyway.) Unknown command.
You see here 12 gold pieces.
You now have 224 gold pieces (gained 12).
Found 4 javelins.
The white imp shouts!
You hit the white imp. Your grab misses the white imp.
The white imp is lightly wounded.
The white imp completely misses you.
You closely miss the white imp. You grab the white imp.
You squeeze the white imp!
The white imp is almost dead.
You constrict the white imp, but do no damage.
The white imp barely misses you.
You hit the white imp.
You kill the white imp!
Kikubaaqudgha accepts your kill.
Casting: Sting (safe; 1% risk of failure)
Confirm with . or Enter, or press ? or * to list all spells.
You miscast Olgreb's Toxic Radiance.
You are very lightly contaminated with residual magic.
Nothing appears to happen.
Menkaure hits you!
Casting: Olgreb's Toxic Radiance (dangerous; 4% risk of failure)
Confirm with . or Enter, or press ? or * to list all spells.
Aiming: Sticky Flame (quite dangerous; 17% risk of failure)
Press: ? - help, Shift-Dir - straight line, f - Menkaure
Aim: Menkaure You miscast Sticky Flame.
There is a flash of cinnabar.
You are poisoned.
You feel very sick. The iguana bites you!
A red film seems to cover your vision as you go berserk!
You feel yourself moving faster!
You feel mighty!
You feel very sick.
Menkaure calls on the powers of darkness!
Your body is wracked with pain!
* * * LOW HITPOINT WARNING * * *
The iguana convulses!
The iguana misses you.
You puncture Menkaure! Your grab misses Menkaure.
Menkaure is heavily damaged.
You feel sick. Menkaure hits you!
* * * LOW HITPOINT WARNING * * *
You hit Menkaure. You grab Menkaure. You squeeze Menkaure, but do no damage.
Menkaure is severely damaged.
You constrict Menkaure, but do no damage.
You feel sick. The iguana bites you.
* * * LOW HITPOINT WARNING * * *
You hit Menkaure.
Menkaure is almost destroyed.
You constrict Menkaure, but do no damage.
* * * LOW HITPOINT WARNING * * *
You feel sick.
Menkaure calls on the powers of darkness!
You feel a surge of unholy energy.
The iguana convulses!
The iguana barely misses you.
You hit Menkaure.
You destroy Menkaure!
Kikubaaqudgha accepts your kill.
You die...
Kikubaaqudgha rasps: "You have failed me!
Welcome... death!"

.# #############....# .#
##...## ####.# ..
###(....## #†####### .#
.........##########........
.#
#.........................
#.......#.Ml....####......
#........#####....#######
##.....###### ####..#
#........@..# ...
#.......l...# ##
##...........#
#............#
#.##...#.....#
#.######.....# #.# #.....#
#.# ####...# #)# ##)$.


You could see an iguana.

Vanquished Creatures
  Eustachio (D:5)
  Menkaure (D:6)
  2 ogres
  2 kobold brigands (D:6)
  A scorpion (D:6)
  A jelly (D:5)
  An orc priest (D:5)
  3 hounds
  A sleepcap (D:5)
  Jessica (D:2)
  5 iguanas
  5 adders
  A white imp (D:6)
  2 dart slugs
  A ribbon worm (D:2)
  11 orcs
  2 endoplasms
  3 giant cockroaches
  6 hobgoblins
  3 jackals (D:1)
  3 quokkas
  5 ball pythons
  3 bats (D:1)
  A frilled lizard (D:3)
  12 kobolds
  4 rats
81 creatures vanquished.

Notes
Turn   | Place    | Note
-------+----------+-------------------------------------------
     0 | D:1      | Flugslaktarn the Octopode Alchemist began the quest for the
                  | Orb.
     0 | D:1      | Reached XP level 1. HP: 11/11 MP: 3/3
   145 | D:1      | Reached XP level 2. HP: 15/17 MP: 1/5
   290 | D:2      | Reached skill level 4 in Alchemy
   299 | D:2      | Reached XP level 3. HP: 9/21 MP: 2/6
   506 | D:2      | Noticed Jessica
   507 | D:2      | Killed Jessica
   508 | D:2      | Reached XP level 4. HP: 27/27 MP: 6/8
   855 | D:3      | Reached skill level 5 in Alchemy
   871 | D:3      | Found a faded altar of an unknown god.
  1021 | D:4      | Noticed a lemure
  1021 | D:4      | Noticed a lemure
  1021 | D:4      | Noticed a lemure
  1048 | D:3      | Learned a level 4 spell: Olgreb's Toxic Radiance
  1060 | D:4      | Reached XP level 5. HP: 31/31 MP: 5/9
  1085 | D:4      | Found Ipnecext's Jewellery Shoppe.
  1148 | D:4      | Noticed an ogre
  1169 | D:4      | Killed an ogre
  1170 | D:4      | Reached skill level 6 in Alchemy
  1170 | D:4      | Reached XP level 6. HP: 36/36 MP: 4/11
  1304 | D:4      | Noticed Pikel
  1375 | D:4      | Found a stormy altar of Qazlal.
  1387 | D:4      | Found a hazy altar of Hepliaklqana.
  1387 | D:4      | Found a shimmering altar of Xom.
  1389 | D:4      | Found a sacrificial altar of Ru.
  1389 | D:4      | Found a blossoming altar of Fedhas.
  1389 | D:4      | Found a shimmering altar of Xom.
  1495 | D:5      | Entered Level 5 of the Dungeon
  1495 | D:5      | Noticed Eustachio
  1510 | D:5      | Killed Eustachio
  1511 | D:5      | Reached skill level 7 in Alchemy
  1527 | D:5      | Reached XP level 7. HP: 38/41 MP: 4/13
  1560 | D:5      | Found a staircase to the Ecumenical Temple.
  1565 | Temple   | Found a transporter.
  1565 | Temple   | Found a transporter.
  1565 | Temple   | Found a transporter.
  1565 | Temple   | Found a transporter.
  1565 | Temple   | Entered the Ecumenical Temple
  1583 | Temple   | Became a worshipper of Kikubaaqudgha
  1957 | D:4      | Found a sparkling altar of Nemelex Xobeh.
  2007 | D:5      | Identified the +0 chain mail "Nulotseh" {-Cast Str+4}
  2125 | D:6      | Reached skill level 8 in Alchemy
  2137 | D:6      | Learned a level 4 spell: Sticky Flame
  2222 | D:6      | Found a runed translucent gate.
  2222 | D:6      | Found a runed translucent gate.
  2222 | D:6      | Found a runed translucent gate.
  2225 | D:6      | Noticed t4s4d4r's ghost (novice AtFi)
  2266 | D:6      | Reached XP level 8. HP: 47/47 MP: 8/15
  2279 | D:6      | Reached skill level 1 in Evocations
  2285 | D:6      | Reached skill level 1 in Fighting
  2285 | D:6      | Reached skill level 5 in Spellcasting
  2285 | D:6      | Reached skill level 1 in Fire Magic
  2291 | D:6      | Reached * piety under Kikubaaqudgha
  2291 | D:6      | Received a gift from Kikubaaqudgha
  2311 | D:6      | Learned a level 4 spell: Animate Dead
  2383 | D:6      | Noticed Menkaure
  2404 | D:6      | HP: 2/72 [iguana (6)]
  2406 | D:6      | Killed Menkaure
  2406 | D:6      | Succumbed to poison

Illustrated notes

Levels and vault maps discovered:
D:1:      mushboom_english_gardens, layout_basic
D:2:      layout_loops_ring, uniq_jessica
D:3:      layout_rooms, shapermc_ecumenical_altar_mp_ritualfount,
          minmay_tree_intersection
D:4:      layout_rooms, doesnt_xom_only_xom, nicolae_overflow_hidden_temple,
          serial_shops, nicolae_shop_crystal, dk_noncrumbling_4, minmay_bent,
          uniq_pikel
D:5:      layout_loops_ring, temple_doors_e, uniq_eustachio, uniq_blork_the_orc
D:6:      layout_rooms, gammafunk_ghost_nasty_kobolds, uniq_menkaure
Temple:   hellmonk_temple_divided_pantheon

Skill      XL: |  1  2  3  4  5  6  7  8 |
---------------+-------------------------+-----
Alchemy        | 4 5 6 7 8 |  8.2
Spellcasting   | 3 4 5 |  5.0
Evocations     | 1 |  1.5
Fighting       | 1 |  1.3
Fire Magic     | 1 |  1.4
Dodging        | |  2.0
Stealth        | |  2.6
Conjurations   | |  1.0

Action                     |  1- 3 |  4- 6 |  7- 9 || total
---------------------------+-------+-------+-------++-------
  Melee: Dagger            |    24 |    27 |    30 ||    81
         Constrict         |     6 |     8 |     9 ||    23
         Tentacles         |     7 |     7 |    11 ||    25
   Cast: Sting             |    22 |    51 |    26 ||    99
         Olgreb's Toxic Ra |       |     3 |     8 ||    11
    Use: Potion            |       |       |     3 ||     3
         Scroll            |       |       |     6 ||     6
   Stab: Sleeping          |     1 |     1 |       ||     2
 Armour: Skin              |    18 |    18 |    20 ||    56
  Dodge: Dodged            |    26 |    39 |    21 ||    86

Table legend: (Time is in decaauts)
 A = Elapsed time spent in this place.
 B = Non-inter-level travel time spent in this place.
 C = Inter-level travel time spent in this place.
 D = Time resting spent in this place.
 E = Time spent auto-exploring this place.
 F = Levels seen in this place.
 G = Mean time per level.
                   A        B        C        D        E       F      G
               +--------+--------+--------+--------+--------+-----+--------+
         Total |   2416 |   2273 |    143 |      0 |   1008 |   7 |  345.1 |
       Dungeon |   2377 |   2234 |    143 |      0 |   1008 |   6 |  396.2 |
        Temple |     38 |     38 |      0 |      0 |      0 |   1 |   38.0 |
               +--------+--------+--------+--------+--------+-----+--------+

Top non-repeatable levels by time:
     D:5: 570 daAuts
     D:3: 490 daAuts
     D:4: 395 daAuts
     D:2: 394 daAuts
     D:6: 301 daAuts
     D:1: 224 daAuts
  Temple: 38 daAuts
